 Dungeon Crawl Stone Soup version 0.18-a0-1572-g0a86841 (webtiles) character file.

4552 kae the Severer (level 10, 0/77 HPs)
             Began as a Hill Orc Fighter on Mar 15, 2016.
             Was an Elder of Qazlal.
             Succumbed to a killer bee's poison
             ... on level 8 of the Dungeon.
             The game lasted 00:09:16 (6158 turns).

kae the Severer (Hill Orc Fighter)                  Turns: 6158, Time: 00:09:17

Health: 0/77       AC: 14    Str: 20    XL:     10   Next: 40%
Magic:  10/10      EV:  7    Int:  8    God:    Qazlal [****..]
Gold:   404        SH: 15    Dex: 13    Spells: 0 memorised, 9 levels left

rFire  . . .     SeeInvis .     a - +1 war axe
rCold  . . .     Gourm    .     b - +0 scale mail
rNeg   . . .     Faith    .     c - +0 shield
rPois  .         Spirit   .     (no helmet)
rElec  .         Dismiss  .     (no cloak)
rCorr  .         Reflect  .     (no gloves)
SustAt +         Harm     .     D - +1 pair of boots
MR     .....                    w - amulet of regeneration
Stlth  ..........               d - +5 ring of protection
                                m - ring of sustain attributes

@: lethally poisoned (0 -> -2), repel missiles, not resistant to hostile
enchantments, extremely unstealthy
A: no striking features
a: Upheaval, Elemental Force, Renounce Religion


You were on level 8 of the Dungeon.
You worshipped Qazlal.
Qazlal was greatly pleased with you.
You were near starving.

You visited 1 branch of the dungeon, and saw 9 of its levels.
You also visited: Ossuary.

You collected 404 gold pieces.

Inventory:

Hand Weapons
 a - a +1 war axe (weapon)
Armour
 b - a +0 scale mail (worn)
 c - a +0 shield (worn)
 D - a +1 pair of boots (worn)
Jewellery
 d - a +5 ring of protection (right hand)
 m - a ring of sustain attributes (left hand)
 w - an amulet of regeneration (around neck)
Wands
 r - a wand of digging (24/24)
 z - a wand of lightning (8/15)
Scrolls
 e - a scroll of random uselessness
 i - a scroll of enchant weapon
 n - a scroll of recharging
 y - a scroll of teleportation
 A - 2 scrolls of remove curse
Potions
 g - 7 potions of heal wounds
 h - a potion of cancellation
 j - 4 potions of mutation
 o - a potion of flight {unknown}
 q - 3 potions of degeneration
 s - a potion of brilliance {unknown}
 t - a potion of cure mutation {unknown}
 u - 2 potions of haste
 v - 2 potions of curing
 x - 2 potions of magic
 F - a potion of ambrosia {unknown}
Comestibles
 f - 6 bread rations
 k - 9 slices of pizza
 l - 3 beef jerkies
 p - 4 meat rations


   Skills:
 - Level 3.6 Fighting
 + Level 17.9 Axes
 - Level 3.2 Armour
 - Level 3.2 Shields


You had 9 spell levels left.
You didn't know any spells.

Dungeon Overview and Level Annotations

Branches:
Dungeon (9/15)             Temple (0/1) D:5
   Lair: D:8-11         Orc: D:9-12

Altars:
Ashenzari
Cheibriados
Elyvilon
Fedhas
Gozag
Kikubaaqudgha
Makhleb
Nemelex Xobeh
Okawaru
Qazlal
Trog
Yredelemnul

Shops:
D:5 *


Message History

Qazlal accepts your kill.
* * * LOW HITPOINT WARNING * * *
You feel sick.
Unknown command.
* * * LOW HITPOINT WARNING * * *
You feel sick.
* * * LOW HITPOINT WARNING * * *
You feel sick.
A giant frog skeleton comes into view.
* * * LOW HITPOINT WARNING * * *
You feel sick.
* * * LOW HITPOINT WARNING * * *
You feel sick.
* * * LOW HITPOINT WARNING * * *
You feel sick.
There is a stone staircase leading up here.
* * * LOW HITPOINT WARNING * * *
You feel sick.
You climb upwards.
You die...

#.# #.##.# #.#####.######.#.
#.# #.##.###.## #.# #.#. #.#
#.##.##...## #.# #.#.
#.######.÷..#.#(#.###.######.#.
#.##..........#(##.............
#.##.#####....(.(............#.
#.......##.#..#.##§##.########.
####.##.##.##.#.#.#...########.
#.##.##.##.@.....#..........
#.##.##.>....###...#########
#.##.#####.### ##.##
#.##.####.#.####...#
#.##.....###.......#
#.#######.#.####...#
#.........(## #####
############


There were no monsters in sight!

Vanquished Creatures
  Psyche (D:8)
  A yak (D:7)
  A human (D:7)
  6 orc warriors
  An ice beast (D:7)
  A sky beast (D:8)
  A phantom (D:5)
  5 ogres
  3 centaurs
  Blork the orc (D:6)
  4 giant frogs
  A water moccasin zombie (Ossuary)
  5 scorpions
  15 killer bees
  A howler monkey (D:8)
  5 crimson imps
  A centaur zombie (D:7)
  A quasit (D:8)
  4 hounds
  A giant frog skeleton (D:7)
  4 orc priests
  2 jellies
  5 orc wizards
  A centaur skeleton (D:8)
  An iguana (D:6)
  4 worker ants
  3 sheep (D:7)
  2 big kobold zombies (Ossuary)
  A hound zombie (D:5)
  2 mummies (Ossuary)
  4 adders
  A shadow imp (D:5)
  2 oozes
  8 adder zombies
  An adder skeleton (D:4)
  3 worms
  2 dart slugs
  6 giant geckos
  23 orcs
  2 ball pythons
  2 giant cockroaches
  3 gnoll zombies (Ossuary)
  4 goblins
  6 hobgoblins
  5 quokkas
  3 bats
  3 giant newts
  5 hobgoblin zombies (Ossuary)
  A jackal skeleton (D:5)
  6 kobolds
  8 kobold zombies (Ossuary)
  2 orc zombies (Ossuary)
  A quokka zombie (D:5)
  4 rats
  A rat zombie (D:5)
190 creatures vanquished.

Notes
Turn   | Place    | Note
--------------------------------------------------------------
     0 | D:1      | kae the Hill Orc Fighter began the quest for the Orb.
     0 | D:1      | Reached XP level 1. HP: 19/19 MP: 1/1
    18 | D:1      | Reached skill level 3 in Axes
    18 | D:1      | Reached XP level 2. HP: 24/26 MP: 2/2
   375 | D:1      | Reached skill level 4 in Axes
   679 | D:2      | Reached XP level 3. HP: 25/31 MP: 3/3
  1056 | D:3      | Reached skill level 5 in Axes
  1214 | D:3      | Reached XP level 4. HP: 36/39 MP: 4/4
  1216 | D:3      | Found a stormy altar of Qazlal.
  1216 | D:3      | Found a shattered altar of Ashenzari.
  1216 | D:3      | Noticed an ogre
  1221 | D:3      | Killed an ogre
  1221 | D:3      | Reached skill level 6 in Axes
  1221 | D:3      | Reached XP level 5. HP: 36/45 MP: 5/5
  1222 | D:3      | Found an ancient bone altar of Kikubaaqudgha.
  1228 | D:3      | Became a worshipper of Qazlal Stormbringer
  1316 | D:3      | Reached skill level 7 in Axes
  1449 | D:3      | Found a burning altar of Makhleb.
  1659 | D:4      | Noticed an ogre
  1662 | D:4      | Killed an ogre
  1662 | D:4      | Reached skill level 8 in Axes
  1662 | D:4      | Reached XP level 6. HP: 51/51 MP: 6/6
  2281 | D:4      | Reached skill level 9 in Axes
  2525 | D:5      | Entered Level 5 of the Dungeon
  2530 | D:5      | Found an ancient bone altar of Kikubaaqudgha.
  2537 | D:5      | Noticed a phantom
  2565 | D:5      | Killed a phantom
  2565 | D:5      | Reached XP level 7. HP: 38/57 MP: 7/7
  2573 | D:5      | Found a blossoming altar of Fedhas.
  2598 | D:5      | Found a basalt altar of Yredelemnul.
  2697 | D:5      | Reached skill level 10 in Axes
  2705 | D:5      | Found a staircase to the Ecumenical Temple.
  2830 | D:5      | Found a snail-covered altar of Cheibriados.
  2886 | D:5      | Found a sand-covered staircase.
  2895 | Ossuary  | Entered an ossuary
  2925 | Ossuary  | Reached * piety under Qazlal
  3072 | Ossuary  | Reached ** piety under Qazlal
  3175 | D:5      | Reached skill level 11 in Axes
  3179 | D:5      | Found Ledghiex's Elemental Accessories.
  3192 | D:5      | Found a sparkling altar of Nemelex Xobeh.
  3270 | D:5      | Found a white marble altar of Elyvilon.
  3332 | D:6      | Reached XP level 8. HP: 48/64 MP: 8/8
  3378 | D:5      | Reached skill level 12 in Axes
  3772 | D:6      | Reached skill level 13 in Axes
  4082 | D:6      | Noticed Blork the orc
  4105 | D:6      | Killed Blork the orc
  4244 | D:7      | Reached XP level 9. HP: 65/70 MP: 9/9
  4290 | D:7      | Reached skill level 14 in Axes
  4384 | D:7      | Reached skill level 15 in Axes
  4450 | D:7      | Reached *** piety under Qazlal
  4498 | D:7      | Found an opulent altar of Gozag.
  4934 | D:7      | Reached skill level 16 in Axes
  5307 | D:7      | Found a bloodstained altar of Trog.
  5396 | D:8      | Found a sparkling altar of Nemelex Xobeh.
  5431 | D:8      | Reached XP level 10. HP: 59/77 MP: 10/10
  5505 | D:8      | Noticed Psyche
  5518 | D:8      | Killed Psyche
  5518 | D:8      | Reached skill level 17 in Axes
  5626 | D:8      | Reached **** piety under Qazlal
  5849 | D:8      | Found an iron altar of Okawaru.
  6145 | D:9      | Noticed a hill giant
  6154 | D:9      | HP: 2/77 [poisoned by a killer bee]
  6158 | D:8      | Succumbed to a killer bee's poison

Vault maps used:
D:1:      dpeg_arrival_rooms_b
D:3:      lightli_temple_of_fire, gammafunk_temple_overflow_claw
D:5:      kennysheep_ying_yang, nicolae_overflow_crystal_walls,
          kennysheep_mini_moat, nemelex_deck, minmay_temple_entry_junction2,
          basic_altar, enter_ossuary_4, first_bread, nicolae_elemental_shop
D:6:      uniq_blork_the_orc
D:7:      lemuel_coloured_pillars_altar, grunt_gozag_breadcrumbs,
          grunt_livestock
D:8:      kennysheep_little_box, basic_altar, uniq_psyche
D:9:      lemuel_round_altar
Ossuary:  ossuary_tomb_2

Skill      XL: |  1  2  3  4  5  6  7  8  9 10 |
---------------+-------------------------------+-----
Axes           | 3 4 5 6 8 9 11 13 16 17 | 17.9
Fighting       | |  3.6
Armour         | |  3.2
Shields        | |  3.2

Action                   |  1- 3 |  4- 6 |  7- 9 | 10-12 || total
-------------------------+-------+-------+-------+-------++-------
Melee: War axe           |    86 |    99 |   499 |   121 ||   805
Invok: Upheaval          |       |       |     1 |       ||     1
  Use: Scroll            |     2 |     6 |     8 |     3 ||    19
       Potion            |       |     1 |     2 |     2 ||     5
  Eat: Chunk             |     1 |     4 |    10 |     1 ||    16
